 Dungeon Crawl Stone Soup version 0.18-a0-1745-gffa9a88 (webtiles) character file.

184 dobroeutro the Shield-Bearer (level 5, 0/33 HPs)
             Began as a Gargoyle Fighter on Apr 11, 2016.
             Slain by an adder (2 damage)
             ... in a sewer.
             The game lasted 00:07:08 (2409 turns).

dobroeutro the Shield-Bearer (Gargoyle Fighter)     Turns: 2409, Time: 00:07:09

Health: 0/33       AC: 11    Str: 21    XL:     5   Next: 64%
Magic:  4/4        EV:  4    Int: 13    God:
Gold:   87         SH: 10    Dex: 11    Spells: 0 memorised, 4 levels left

rFire  + . .     SeeInvis .     a - +1 flail
rCold  + . .     Gourm    .     b - +0 scale mail
rNeg   + . .     Faith    .     c - +0 shield
rPois  ∞         Spirit   .     (no helmet)
rElec  +         Dismiss  .     (no cloak)
rCorr  +         Reflect  .     (no gloves)
SustAt .         Harm     .     (no boots)
MR     .....                    (no amulet)
Stlth  ..........               (no ring)
                                e - ring of resist corrosion

@: brilliant, resistant, constricted, not resistant to hostile enchantments,
extremely unstealthy
A: agile 1, low mp 1, negative energy resistance 1, electricity resistance, wild
magic 1, unbreathing, petrification resistance, rot immunity, AC +4
a: no special abilities


You were in a sewer.
You were not hungry.

You visited 1 branch of the dungeon, and saw 3 of its levels.
You also visited: Sewer.

You collected 87 gold pieces.

Inventory:

Hand Weapons
 a - a +1 flail (weapon)
Armour
 b - a +0 scale mail (worn)
 c - a +0 shield (worn)
Jewellery
 e - a ring of resist corrosion (left hand)
Wands
 h - a wand of random effects (44/48)
Scrolls
 g - a scroll of fear
 k - a scroll of enchant armour {unknown}
 m - 3 scrolls of identify
Potions
 d - a potion of might
 p - a potion of resistance
Comestibles
 f - 2 bread rations


   Skills:
 + Level 4.1 Fighting
 + Level 3.1 Maces & Flails
 + Level 4.3 Armour
 + Level 4.9 Shields


You had 4 spell levels left.
You didn't know any spells.

Dungeon Overview and Level Annotations

Branches:
Dungeon (3/15)

Altars:
Pakellas


Innate Abilities, Weirdness & Mutations

You are resistant to torment.
Your stone body is resilient (AC +4).
You are immune to poison.
You resist negative energy.
You are resistant to electric shocks.
You can survive without breathing.
You are immune to petrification.
You are immune to rotting.
You are agile. (Dex +2)
Your magical capacity is low (-10% MP).
Your spells are a little harder to cast, but a little more powerful.


Message History

The ball python constricts you. The ball python bites you.
* * * LOW HITPOINT WARNING * * *
The giant newt barely misses you. You block the adder's attack.
You block the ball python's attack.
* * * LOW HITPOINT WARNING * * *
The ball python constricts you.
You closely miss the adder.
The adder is heavily wounded.
The ball python bites you but does no damage.
The adder bites you but does no damage. The giant newt bites you.
* * * LOW HITPOINT WARNING * * *
The ball python bites you but does no damage.
The ball python constricts you. The ball python bites you.
* * * LOW HITPOINT WARNING * * *
The adder bites you but does no damage. You block the giant newt's attack.
You closely miss the adder.
The adder is heavily wounded.
You block the ball python's attack. The ball python constricts you.
The adder bites you.
You die...

##################
≈≈≈≈≈≈≈≈≈≈≈≈≈≈≈≈.###
≈≈≈≈≈≈≈≈≈≈≈≈≈≈≈≈...##
≈≈≈≈≈≈≈†††≈≈≈≈≈≈....##
≈≈≈≈≈≈≈≈.†≈≈≈≈≈≈.....#
≈≈≈≈≈≈≈≈†≈≈≈≈≈≈S@S...##
≈≈≈≈≈≈≈≈≈≈≈≈≈≈≈≈Sl....#
#################.....#
#....# .....# #....#
....# ....#


You could see an adder, 2 ball pythons and a giant newt.

Vanquished Creatures
  4 adders
  7 river rats (Sewer)
  An ooze (Sewer)
  3 worms
  9 giant geckos
  8 ball pythons
  2 giant cockroaches
  6 goblins
  3 hobgoblins
  2 bats (D:1)
  4 giant newts
  28 rats
77 creatures vanquished.

Notes
Turn   | Place    | Note
--------------------------------------------------------------
     0 | D:1      | dobroeutro the Gargoyle Fighter began the quest for the Orb.
     0 | D:1      | Reached XP level 1. HP: 14/14 MP: 1/1
   189 | D:1      | Reached XP level 2. HP: 19/19 MP: 2/2
   852 | D:2      | Reached XP level 3. HP: 23/23 MP: 3/3
  1087 | D:2      | Found an oddly glowing altar of Pakellas.
  1541 | D:3      | Reached XP level 4. HP: 29/29 MP: 4/4
  1560 | D:3      | Found a faded altar to an unknown god.
  1715 | D:3      | Found a glowing drain.
  1757 | D:3      | HP: 1/29 [giant gecko (1)]
  1785 | Sewer    | Entered a sewer
  1937 | Sewer    | Reached XP level 5. HP: 17/33 MP: 5/5
  2399 | Sewer    | Gained mutation: You are agile. (Dex +2) [potion of mutation]
  2399 | Sewer    | Gained mutation: Your spells are a little harder to cast, but a little more powerful. [potion of mutation]
  2399 | Sewer    | Gained mutation: Your magical capacity is low (-10% MP). [potion of mutation]
  2409 | Sewer    | Slain by an adder

Vault maps used:
D:1:      dpeg_arrival_connections
D:2:      grunt_pakellas_sulfur, nicolae_underground_beach
D:3:      ecumenical_altar_1, portal_sewer_entry_f, hangedman_decor_push,
          uniq_natasha
Sewer:    sewer_minmay_w

Skill      XL: |  1  2  3  4  5 |
---------------+----------------+-----
Armour         | 4 |  4.3
Shields        | 4 |  4.9
Maces & Flails | 3 |  3.1
Fighting       | 4 |  4.1

Action                   |  1- 3 |  4- 6 || total
-------------------------+-------+-------++-------
Melee: Flail             |    48 |   250 ||   298
       Mace              |    74 |       ||    74
  Use: Scroll            |     8 |       ||     8
       Potion            |       |     7 ||     7
  Eat: Chunk             |     1 |     5 ||     6
